 Dungeon Crawl Stone Soup version 0.30.1-3-gfc49f6343a (webtiles) character file.

Game seed: 8955138681228291798

669 Wiggles the Cleaver (level 7, -4/61 HPs)
             Began as a Minotaur Berserker on July 26, 2023.
             Was a Priest of Trog.
             Killed from afar by an acid dragon (16 damage)
             ... with a splash of acid
             ... on level 5 of the Dungeon.
             The game lasted 00:05:54 (3737 turns).

Wiggles the Cleaver (Minotaur Berserker)            Turns: 3737, Time: 00:05:54

Health: -4/61      AC:  7    Str: 24    XL:     7   Next: 32%
Magic:  6/6        EV:  9    Int:  4    God:    Trog [***...]
Gold:   176        SH:  0    Dex:  9    Spells: 6/6 levels left

rFire   + . .        x - +0 war axe
rCold   . . .        (no shield)
rNeg    . . .        m - +2 chain mail {rF+}
rPois   .            (helmet restricted)
rElec   .            (no cloak)
rCorr   .            (no gloves)
SInv    .            (no boots)
Will    +....        (no amulet) Stlth
                     j - ring of willpower
HPRegen 0.30/turn    w - ring of flight
MPRegen 0.10/turn

%: no passive effects
@: corroded, flying
A: horns 2, retaliatory headbutt
a: Renounce Religion, Berserk, Trog's Hand


You were on level 5 of the Dungeon.
You worshipped Trog.
Trog was most pleased with you.
You visited 1 branch of the dungeon, and saw 5 of its levels.

You collected 225 gold pieces.
You spent 49 gold pieces at shops.

Inventory:

Hand Weapons
 x - a +0 war axe (weapon)
Missiles
 u - 4 javelins (quivered)
Armour
 m - a +2 chain mail of fire resistance (worn)
 s - a +0 plate armour
Jewellery
 j - a ring of willpower (left hand)
 w - a ring of flight (right hand)
Wands
 d - a wand of acid (5)
 t - a wand of mindburst (6)
 v - a wand of paralysis (14)
Scrolls
 c - a scroll of fear {unknown}
 e - 3 scrolls of identify {unknown}
 f - 2 scrolls of enchant armour {unknown}
 h - 2 scrolls of amnesia {unknown}
 i - a scroll of poison {unknown}
 n - a scroll of silence {unknown}
 p - a scroll of teleportation {unknown}
 r - a scroll of immolation {unknown}
Potions
 b - a potion of resistance {unknown}
 g - a potion of brilliance {unknown}
 k - 2 potions of degeneration {unknown}
 l - 2 potions of heal wounds {unknown}
 o - a potion of curing {unknown}
 q - a potion of berserk rage {unknown}


   Skills:
 - Level 5.3 Fighting
 + Level 8.0 Axes
 - Level 0.5 Throwing
 - Level 4.4 Armour
 - Level 3.4 Dodging
 - Level 0.3 Stealth


You had 6 spell levels left.
You didn't know any spells.
Your spell library was empty.

Dungeon Overview and Level Annotations

Branches:
Dungeon (5/15)
 Temple: D:4-7

Altars:
Ashenzari

Shops:
D:4 (


Innate Abilities, Weirdness & Mutations

You have a pair of horns on your head.
You reflexively headbutt those who attack you in melee.


Message History

Your Axes skill increases to level 8!
No target in view!
HP restored.
Found a stone staircase leading down.
You reach down and open the door.
Found 8 stones and a hand axe.
There is an open door here.
You now have 176 gold pieces (gained 6).
You reach down and open the door.
There is an open door here.
An acid dragon comes into view.
The acid dragon roars!
Found a scroll labelled FEEMA YWKYMITE.
The acid dragon bites you! The acid dragon claws you.
You barely miss the acid dragon. The acid dragon bites you!
The acid dragon completely misses you.
You hit the acid dragon.
The acid dragon is lightly wounded.
The acid dragon closely misses you. The acid dragon claws you.
You hit the acid dragon but do no damage.
Your headbutt misses the acid dragon.
The acid dragon is lightly wounded.
The acid dragon spits acid at you. The splash of acid hits you.
You hit the acid dragon but do no damage.
The acid dragon is lightly wounded.
The acid dragon spits acid at you. The splash of acid hits you!
The acid corrodes you!
You hit the acid dragon. You headbutt the acid dragon.
The acid dragon is moderately wounded.
The acid dragon bites you!
* * * LOW HITPOINT WARNING * * *
The acid dragon claws you but does no damage.
You closely miss the acid dragon.
The acid dragon is moderately wounded.
The acid dragon bites you but does no damage.
The acid dragon claws you but does no damage.
The acid dragon spits acid at you. The splash of acid hits you!
You die...

##...## ###.. ##'## #..
#.# ### #.# ##.##
##...####
#.......#######
...########.............
#....D@.........#######
.?.###############


You could see an acid dragon (catching breath).

Vanquished Creatures
  A water moccasin (D:3)
  A black bear (D:4)
  A phantom (D:4)
  2 scorpions
  A hound (D:4)
  2 iguanas
  7 adders
  4 gnolls
  3 worms
  2 dart slugs
  5 orcs (D:4)
  6 endoplasms
  3 giant cockroaches
  11 hobgoblins
  4 jackals (D:1)
  7 kobolds
  3 quokkas
  5 ball pythons
  4 bats (D:1)
  2 frilled lizards (D:3)
  9 goblins
  5 rats (D:1)
88 creatures vanquished.

Notes
Turn   | Place    | Note
-------+----------+-------------------------------------------
     0 | D:1      | Wiggles the Minotaur Berserker began the quest for the Orb.
     0 | D:1      | Reached XP level 1. HP: 19/19 MP: 0/0
    13 | D:1      | Reached skill level 4 in Axes
    13 | D:1      | Reached XP level 2. HP: 20/27 MP: 1/1
   479 | D:1      | Reached XP level 3. HP: 30/33 MP: 2/2
  1134 | D:2      | Found a faded altar of an unknown god.
  1139 | D:2      | Reached ** piety under Trog
  1172 | D:2      | Reached XP level 4. HP: 41/41 MP: 3/3
  1224 | D:2      | Reached skill level 5 in Axes
  1521 | D:2      | Found a broken altar of Ashenzari.
  2199 | D:3      | Noticed a water moccasin
  2210 | D:3      | Killed a water moccasin
  2211 | D:3      | Reached XP level 5. HP: 45/47 MP: 4/4
  2281 | D:3      | Reached skill level 6 in Axes
  2281 | D:3      | Reached XP level 6. HP: 55/55 MP: 5/5
  2335 | D:3      | Reached skill level 5 in Fighting
  3209 | D:4      | Reached skill level 7 in Axes
  3220 | D:4      | Reached *** piety under Trog
  3221 | D:4      | Reached XP level 7. HP: 46/61 MP: 6/6
  3466 | D:4      | Found Qysoxes's Weapon Shoppe.
  3469 | D:4      | Bought a +0 war axe for 49 gold pieces
  3628 | D:5      | Entered Level 5 of the Dungeon
  3636 | D:5      | Reached skill level 8 in Axes
  3737 | D:5      | Killed from afar by an acid dragon

Illustrated notes

Levels and vault maps discovered:
D:1:      shiori_arrival_oz, layout_basic, chequers_mini_garden
D:2:      layout_basic, basic_altar, basic_ecumenical_altar
D:3:      layout_loops_ring, minivault_24
D:4:      layout_loops_cross, serial_shops, nicolae_shop_tiny_real_fake_doors,
          st_stairs_1
D:5:      layout_loops_corners, uniq_menkaure

Skill      XL: |  1  2  3  4  5  6  7 |
---------------+----------------------+-----
Fighting       | 4 5 |  5.3
Axes           | 4 5 6 7 8 |  8.0
Armour         | 3 4 |  4.4
Dodging        | 3 |  3.4
Throwing       | |  0.5
Stealth        | |  0.3

Action                     |  1- 3 |  4- 6 |  7- 9 || total
---------------------------+-------+-------+-------++-------
  Melee: Hand axe          |    62 |   117 |     8 ||   187
         Headbutt          |     9 |    23 |     7 ||    39
         Punch             |       |     1 |     1 ||     2
         War axe           |       |       |    23 ||    23
  Throw: Javelin           |       |     5 |       ||     5
 Armour: Animal skin       |     6 |       |       ||     6
         Scale mail        |    14 |    12 |       ||    26
         Chain mail        |       |    43 |    14 ||    57
  Dodge: Dodged            |    47 |    63 |    20 ||   130
